 Dungeon Crawl Stone Soup version 0.29-a0-565-g7a16c6de65 (webtiles) character file.

Game seed: 14449949061045793692

84326 Lekart the Corrupter of Planes (level 15, -16/137 HPs)
             Began as a White Draconian Abyssal Knight on June 10, 2022.
             Was the Champion of Lugonu.
             Killed from afar by an ogre mage (44 damage)
             ... with a bolt of magma
             ... on level 1 of the Orcish Mines on June 12, 2022.
             The game lasted 00:51:30 (36633 turns).

Lekart the Corrupter of Planes (DrAK)              Turns: 36633, Time: 00:51:30

Health: -16/137    AC: 17    Str: 14 (15) XL:     15   Next: 34%
Magic:  26/26      EV: 19    Int: 10 (11) God:    Lugonu [******]
Gold:   2153       SH:  0    Dex: 17      Spells: 14/14 levels left

rFire   . . .      SeeInvis +   T - +4 quick blade (flame)
rCold   + . .      Faith    +   (no shield)
rNeg    + . .      Spirit   .   (body armour unavailable)
rPois   .          Reflect  .   J - +2 hat {SInv}
rElec   .          Harm     .   (no cloak)
rCorr   .          Rampage  .   N - +2 pair of gloves
Will    +....                   b - +2 pair of boots
Stlth   ++........              A - amulet of faith
HPRegen 0.32/turn               r - ring of positive energy
MPRegen 0.20/turn               I - +4 ring of slaying

@: short of breath, studying Throwing
A: breathe frost, AC +9, unfitting armour, cold resistance 1, cold-blooded,
hooves 1, deterioration 1, weak 1
a: Breathe Frost, Renounce Religion, Depart the Abyss, Bend Space, Banish,
Corrupt, Enter the Abyss, Brand Weapon With Distortion


You were on level 1 of the Orcish Mines.
You worshipped Lugonu.
Lugonu was exalted by your worship.
You visited 3 branches of the dungeon, and saw 23 of its levels.
You visited the Abyss 1 time.
You also visited: Ossuary and Volcano.

You collected 2153 gold pieces.

Inventory:

Hand Weapons
 m - the +9 whip of the Ass {drain, Str+5}
   (You found it on level 2 of the Dungeon)

   A truly terrible weapon, it drains the life of any living foe it strikes.
   Str:       It affects your strength (+5).
 Q - the +9 rapier of the Illusory Bounties {spect, rPois Int+4 Dex-2}
   (You found it on level 5 of the Lair of Beasts)

   When its wielder attacks, the weapon's spirit leaps out and strikes again.
   The spirit shares a part of any damage it takes with its wielder.
   Int:       It affects your intelligence (+4).
   Dex:       It affects your dexterity (-2).
   rPois:     It protects you from poison.
 T - a +4 quick blade of flaming (weapon)
Missiles
 D - a throwing net
Armour
 b - a +2 pair of boots (worn)
 J - a +2 hat of see invisible (worn)
 N - a +2 pair of gloves (worn)
Jewellery
 a - a ring of ice
 d - an amulet of magic regeneration
 k - a +6 ring of strength
 r - a ring of positive energy (left hand)
 s - a ring of flight
 t - a +6 ring of dexterity
 x - a +4 ring of protection
 A - an amulet of faith (around neck)
 B - a +6 ring of intelligence
 I - a +4 ring of slaying (right hand)
 M - the amulet "Plog" {Spirit Will+ Slay+2}
   (You found it on level 5 of the Lair of Beasts)

   [amulet of guardian spirit]

   It causes incoming damage to be divided between your reserves of health and
   magic.
   Slay:      It affects your accuracy & damage with ranged weapons and melee
   (+2).
   Will:      It increases your willpower.
Wands
 h - a wand of digging (8)
 n - a wand of iceblast (12)
 G - a wand of charming (3)
 H - a wand of polymorph (4)
Scrolls
 g - 6 scrolls of fog
 l - 10 scrolls of amnesia
 o - 3 scrolls of teleportation
 p - 8 scrolls of identify
 y - 2 scrolls of fear
 F - a scroll of magic mapping
 K - a scroll of blinking
 L - a scroll of enchant armour
 O - a scroll of poison
 P - a scroll of brand weapon
Potions
 c - 3 potions of invisibility
 e - 6 potions of curing
 f - 4 potions of flight
 i - 7 potions of heal wounds
 q - 6 potions of brilliance
 u - 6 potions of haste
 v - a potion of berserk rage
 w - 4 potions of magic
 z - 2 potions of attraction
 R - a potion of cancellation {unknown}
Miscellaneous
 C - a tin of tremorstones (inert)


   Skills:
 + Level 13.7 Fighting
 + Level 4.6(5.3) Short Blades
 + Level 3.9(5.0) Long Blades
 + Level 14.0 Maces & Flails
 + Level 12.1 Dodging
 + Level 3.9 Ice Magic
 * Level 15.9 Invocations
 + Level 4.2 Evocations


You had 14 spell levels left.
You didn't know any spells.
Your spell library contained the following spells:

 Spells                   Type           Power      Damage    Failure   Level
 Freeze                   Ice            28%        1d5       8%          1
 Frozen Ramparts          Ice            14%        1d3       22%         3
 Ensorcelled Hibernation  Hex/Ice        6%         N/A       26%         2
 Sandblast                Erth           0%         2d4       36%         1
 Shock                    Conj/Air       0%         1d3       36%         1
 Passwall                 Tmut/Erth      0%         N/A       50%         2
 Poisonous Vapours        Pois/Air       0%         N/A       50%         2
 Portal Projectile        Hex/Tloc       0%         N/A       75%         3
 Spider Form              Tmut/Pois      0%         N/A       75%         3
 Stone Arrow              Conj/Erth      0%         3d7       75%         3
 Swiftness                Air            0%         N/A       75%         3
 Tukima's Dance           Hex            0%         N/A       75%         3
 Hailstorm                Conj/Ice       3%         3d3       86%         4
 Airstrike                Air            0%         N/A       98%         4
 Anguish                  Hex/Necr       0%         N/A       98%         4
 Corpse Rot               Necr/Pois/Air  0%         N/A       98%         4
 Dispel Undead            Necr           0%         3d6       98%         4
 Summon Lightning Spire   Summ/Air       0%         N/A       98%         4
 Blade Hands              Tmut           0%         N/A       100%        5
 Death Channel            Necr           0%         N/A       100%        6
 Eringya's Noxious Bog    Tmut/Pois      0%         N/A       100%        6
 Enfeeble                 Hex            0%         N/A       100%        7
 Storm Form               Tmut/Air       0%         N/A       100%        7
 Maxwell's Capacitive Co  Air            0%         ∞         100%        8


Dungeon Overview and Level Annotations

Branches:
Dungeon (15/15)            Temple (0/1) D:7            Lair (6/6) D:11
  Swamp (0/4) Lair:4       Spider (0/4) Lair:2        Slime (0/5) Lair:5
    Orc (2/2) D:11            Elf (0/3) Orc:2        Vaults (0/5) D:14
 Depths (0/4) D:15        Ossuary (visited)         Volcano (visited)

Altars:
Elyvilon
Gozag
Nemelex Xobeh
Okawaru
Uskayaw
Beogh
Jiyva

Shops:
D:1 *   D:2 [

Annotations:
D:13 exclusion: downstairs


Innate Abilities, Weirdness & Mutations

You can breathe waves of freezing cold which knock back foes.
Your icy white scales are hard. (AC +9)
You cannot fit into any form of body armour.
Your flesh is cold resistant. (rC+)
You are cold-blooded and may be slowed by cold attacks.
You have large cloven feet.
Your body sometimes deteriorates upon taking damage.
You are weak. (Str -2)


Message History

Found 21 gold pieces.
The ogre mage points at the ogre mage and mumbles some strange words.
The ogre mage seems to speed up.
The orc priest looks satisfied for a moment.
The orc priest mumbles some strange prayers to Beogh against you.
Beogh smites you!
* * * LOW HITPOINT WARNING * * *
You hear a shout!
There is an escape hatch in the ceiling here.
You feel much better. The ogre mage misses you.
The ogre mage closely misses you. A mysterious force pulls you upwards.
The hatch slams shut behind you.
You are too injured to fight recklessly!
Okay, then.
Aiming: Breathe Frost (1% risk of failure)
Press: ? - help, Shift-Dir - straight line, f - ogre mage
Aim: an ogre mage, wielding a +0 flail and wearing a +0 robe (fast, 83% to hit)
You exhale a wave of freezing cold.
The freezing breath hits the ogre mage!
The ogre mage is moderately wounded.
The ogre mage is blown backwards by the freezing wind.
Aiming: Iceblast
Press: ? - help, Shift-Dir - straight line, f/p - ogre mage
Aim: an ogre mage, wielding a +0 flail and wearing a +0 robe (moderately wounded, fast)
The mass of ice explodes!
The iceblast engulfs the ogre mage!
The ogre mage is heavily wounded.
The ogre mage points at you and mumbles some strange words.
You suddenly lose the ability to move!
The ogre mage casts a spell at you. The bolt of magma hits you!
* * * LOW HITPOINT WARNING * * *
The ogre mage hits you with a +0 flail!
* * * LOW HITPOINT WARNING * * *
The ogre mage hits you with a +0 flail.
* * * LOW HITPOINT WARNING * * *
You can move again.
Okay, then.
You feel much better. The ogre mage casts a spell at you.
The bolt of magma hits you!!!
You die...

#).#.## ##..........#............
#.)...###.........####.#.........
#....##............#..#...##...#.
#...)).....>...............##....
...............^...........###.#.
.......)....#..............######
..#........#................#
........>......O..#...#..#.##
.............#..@..#########
#..........####....# #.......#.##
##....## ........### ##......#
#.##...## ##......## ####...#
#.....### ##.## ##.#### ### ###


You could see an ogre mage (fast).

Vanquished Creatures
  Gastronok (Lair:2)
  A bunyip (D:11)
  6 hydras
  Fannar (D:11)
  Erolcha (D:13)
  Erica (Orc:1)
  4 catoblepae (Lair:6)
  A boulder beetle (Lair:5)
  5 two-headed ogres
  5 centaur warriors
  13 death yaks
  A wizard (D:14)
  A wolf spider (D:15)
  An orc sorcerer (Orc:1)
  2 orc knights
  2 ugly things (D:14)
  2 deep elf pyromancers
  2 manticores
  7 cyclopes
  4 elephants (Lair:2)
  Joseph (D:7)
  4 black mambas
  2 torpor snails
  15 cane toads
  Maggie (D:8)
  3 rime drakes
  3 kobold demonologists (D:11)
  7 komodo dragons
  4 yaktaurs
  An efreet (D:13)
  7 trolls
  A tengu conjurer (D:14)
  A freezing wraith (D:14)
  A polar bear (Lair:5)
  A hornet (D:10)
  3 slime creatures (D:14)
  25 blink frogs
  4 dream sheep (Lair:6)
  A shadow (D:11)
  83 yaks
  3 wyverns
  A vampire (D:11)
  2 wraiths
  8 fire bats
  5 basilisks
  2 redbacks (Lair:2)
  Grum (D:11)
  A redback simulacrum (D:14)
  15 vampire mosquitoes
  A steam dragon (D:9)
  A warg (Orc:1)
  2 acid dragons (D:11)
  18 water moccasins
  13 orc warriors
  A black bear (D:6)
  9 ogres
  8 wolves
  2 centaurs
  A phantom (D:6)
  3 kobold brigands
  2 elf zombies
  11 bullfrogs
  An elf skeleton (D:6)
  4 gnoll sergeants
  5 scorpions
  14 wights
  6 killer bees (D:9)
  2 howler monkeys
  6 lava snakes (Volcano)
  3 centaur zombies (Ossuary)
  3 human zombies
  A jelly (D:6)
  16 orc priests
  3 hounds
  A gnoll shaman (D:6)
  A human skeleton (D:6)
  5 iguanas
  17 orc wizards
  16 hell rats
  A boggart simulacrum (D:14)
  2 mummies (Ossuary)
  17 gnolls
  5 adders
  A white imp (D:7)
  2 ufetubi
  2 adder zombies (Ossuary)
  4 worms
  3 dart slugs (D:1)
  73 orcs
  7 endoplasms
  3 giant cockroaches
  10 hobgoblins
  6 quokkas
  10 ball pythons
  5 bats
  5 frilled lizards
  10 goblins
  9 hobgoblin zombies (Ossuary)
  2 jackal zombies (Ossuary)
  14 kobolds
  9 kobold zombies (Ossuary)
  An orc skeleton (D:6)
  9 orc zombies (Ossuary)
  5 rats
  A rat zombie (Ossuary)
659 creatures vanquished.

Vanquished Creatures (others)
  A red draconian (Volcano)
  A two-headed ogre (Orc:2)
  A molten gargoyle (Volcano)
  A kobold demonologist (D:14)
  A yaktaur (Volcano)
  An orc warrior (Orc:1)
  3 centaurs (Volcano)
  A wight (D:9)
  An orc (D:11)
  44 fungi
  60 plants
115 creatures vanquished.

Grand Total: 774 creatures vanquished

Notes
Turn   | Place    | Note
-------+----------+-------------------------------------------
     0 | Abyss:1  | Lekart the Draconian Abyssal Knight began the quest for the
                  | Orb.
     0 | Abyss:1  | Reached XP level 1. HP: 19/19 MP: 2/2
     0 | D:1      | Escaped the Abyss
   225 | D:1      | Reached ** piety under Lugonu
   319 | D:1      | Reached XP level 2. HP: 15/26 MP: 3/3
   485 | D:1      | Found Gacib's General Store.
   823 | D:1      | Reached XP level 3. HP: 28/33 MP: 4/4
  1005 | D:2      | Found an iron altar of Okawaru.
  1028 | D:2      | Identified the +9 whip of the Ass {drain, Str+5}
  1627 | D:2      | Found Gakhlidu's Armour Boutique.
  1767 | D:2      | Reached XP level 4. HP: 40/40 MP: 5/5
  2009 | D:3      | Noticed a scorpion
  2019 | D:3      | Killed a scorpion
  2020 | D:3      | Reached skill level 1 in Maces & Flails
  2020 | D:3      | Reached skill level 3 in Invocations
  2065 | D:3      | Reached XP level 5. HP: 46/46 MP: 7/7
  2065 | D:3      | Reached *** piety under Lugonu
  2880 | D:4      | Reached XP level 6. HP: 48/53 MP: 8/8
  3147 | D:5      | Entered Level 5 of the Dungeon
  3286 | D:5      | Gained mutation: Your spells are a little harder to cast,
                  | but a little more powerful. [potion of mutation]
  3286 | D:5      | Gained mutation: You have sharp toenails. [potion of
                  | mutation]
  3292 | D:5      | Noticed a water moccasin
  3300 | D:5      | Killed a water moccasin
  3301 | D:5      | Reached skill level 4 in Invocations
  3301 | D:5      | Your scales start taking on an icy white colour.
  3301 | D:5      | Reached XP level 7. HP: 40/60 MP: 8/10
  3301 | D:5      | Gained mutation: Your flesh is cold resistant. (rC+) [White
                  | Draconian growth]
  3321 | D:5      | Reached skill level 5 in Fighting
  4040 | D:6      | Reached skill level 5 in Maces & Flails
  4070 | D:6      | Found a sand-covered staircase.
  4083 | D:6      | Reached XP level 8. HP: 58/69 MP: 11/11
  4085 | Ossuary  | Entered an ossuary
  4163 | Ossuary  | Reached **** piety under Lugonu
  4271 | Ossuary  | Reached skill level 5 in Invocations
  4420 | Ossuary  | Lost mutation: You have sharp toenails. [potion of
                  | mutation]
  4420 | Ossuary  | Lost mutation: Your spells are a little harder to cast, but
                  | a little more powerful. [potion of mutation]
  4420 | Ossuary  | Gained mutation: Your body sometimes deteriorates upon
                  | taking damage. [potion of mutation]
  4420 | Ossuary  | Gained mutation: You tend to lose your temper in combat.
                  | [potion of mutation]
  4420 | Ossuary  | Gained mutation: You are weak. (Str -2) [potion of
                  | mutation]
  4512 | D:6      | Reached ***** piety under Lugonu
  4725 | D:6      | Lost mutation: Your body sometimes deteriorates upon taking
                  | damage. [potion of mutation]
  4725 | D:6      | Lost mutation: You tend to lose your temper in combat.
                  | [potion of mutation]
  4725 | D:6      | Lost mutation: You are weak. (Str -2) [potion of mutation]
  4725 | D:6      | Gained mutation: You passively dampen the noise of your
                  | surroundings. [potion of mutation]
  4725 | D:6      | Gained mutation: You expend magic power (3 MP) to
                  | strengthen your wands. [potion of mutation]
  4726 | D:6      | Lost mutation: You passively dampen the noise of your
                  | surroundings. [potion of mutation]
  4726 | D:6      | Lost mutation: You expend magic power (3 MP) to strengthen
                  | your wands. [potion of mutation]
  4726 | D:6      | Gained mutation: Your body sometimes deteriorates upon
                  | taking damage. [potion of mutation]
  5038 | D:6      | Lost mutation: Your body sometimes deteriorates upon taking
                  | damage. [potion of mutation]
  5038 | D:6      | Gained mutation: You expend magic power (3 MP) to
                  | strengthen your wands. [potion of mutation]
  5038 | D:6      | Gained mutation: You tend to lose your temper in combat.
                  | [potion of mutation]
  5038 | D:6      | Gained mutation: You do not regenerate when monsters are
                  | visible. [potion of mutation]
  5038 | D:6      | Gained mutation: Your flesh is very cold resistant. (rC++)
                  | [potion of mutation]
  5414 | D:6      | Reached skill level 6 in Invocations
  5414 | D:6      | Reached XP level 9. HP: 58/74 MP: 13/13
  5991 | D:7      | Found a staircase to the Ecumenical Temple.
  6099 | D:7      | Noticed Joseph
  6114 | D:7      | Killed Joseph
  6115 | D:7      | Reached skill level 5 in Dodging
  6803 | D:8      | Noticed a two-headed ogre
  6812 | D:8      | Killed a two-headed ogre
  6813 | D:8      | Reached skill level 7 in Invocations
  7166 | D:8      | Found a sparkling altar of Nemelex Xobeh.
  7248 | D:8      | Found a hide-covered altar of Uskayaw.
  7269 | D:8      | Identified the +2 rapier "Laxtuntu" {venom, rPois Will-
                  | rCorr}
  7437 | D:8      | Reached XP level 10. HP: 47/86 MP: 15/15
  7831 | D:8      | Noticed Maggie
  7845 | D:8      | Killed Maggie
  7850 | D:8      | Lost mutation: You do not regenerate when monsters are
                  | visible. [potion of mutation]
  7850 | D:8      | Lost mutation: You expend magic power (3 MP) to strengthen
                  | your wands. [potion of mutation]
  7850 | D:8      | Gained mutation: You have a pair of small horns on your
                  | head. [potion of mutation]
  7850 | D:8      | Gained mutation: You are agile. (Dex +2) [potion of
                  | mutation]
  7851 | D:8      | Lost mutation: You have a pair of small horns on your head.
                  | [potion of mutation]
  7851 | D:8      | Lost mutation: Your flesh is very cold resistant. (rC++)
                  | [potion of mutation]
  7851 | D:8      | Lost mutation: You tend to lose your temper in combat.
                  | [potion of mutation]
  7851 | D:8      | Gained mutation: Your flesh is heat resistant. (rF+)
                  | [potion of mutation]
  7986 | D:9      | Noticed a two-headed ogre
  7995 | D:9      | Killed a two-headed ogre
  7996 | D:9      | Reached skill level 10 in Maces & Flails
  8096 | D:9      | Noticed a two-headed ogre
  8103 | D:9      | Banished a two-headed ogre
  8104 | D:9      | Reached skill level 8 in Invocations
  8497 | D:5      | Lost mutation: You are agile. (Dex +2) [potion of mutation]
  8497 | D:5      | Lost mutation: Your flesh is heat resistant. (rF+) [potion
                  | of mutation]
  8497 | D:5      | Gained mutation: You are weak. (Str -2) [potion of
                  | mutation]
  8497 | D:5      | Gained mutation: Your flesh is heat resistant. (rF+)
                  | [potion of mutation]
  8498 | D:5      | Lost mutation: You are weak. (Str -2) [potion of mutation]
  8498 | D:5      | Lost mutation: Your flesh is heat resistant. (rF+) [potion
                  | of mutation]
  8498 | D:5      | Gained mutation: You are weak. (Str -2) [potion of
                  | mutation]
  8498 | D:5      | Gained mutation: Your body sometimes deteriorates upon
                  | taking damage. [potion of mutation]
  8498 | D:5      | Gained mutation: You have large cloven feet. [potion of
                  | mutation]
  9064 | D:9      | Noticed Grum
  9516 | D:10     | Entered Level 10 of the Dungeon
  9558 | D:10     | Paralysed by a hornet for 1 turns
  9829 | D:10     | Noticed a two-headed ogre
  9840 | D:10     | Killed a two-headed ogre
  9841 | D:10     | Reached XP level 11. HP: 50/94 MP: 17/17
 11020 | D:11     | Killed Grum
 11387 | D:11     | Reached skill level 9 in Invocations
 11387 | D:11     | Reached skill level 1 in Evocations
 11811 | D:11     | Noticed a sun demon
 12309 | D:11     | Found an opulent altar of Gozag.
 12774 | D:11     | Found a staircase to the Orcish Mines.
 13201 | D:11     | Found a staircase to the Lair.
 13325 | D:12     | Reached ****** piety under Lugonu
 13729 | D:12     | Found a white marble altar of Elyvilon.
 14290 | D:13     | Noticed Erolcha
 14545 | D:13     | Killed Erolcha
 14998 | D:13     | Noticed a two-headed ogre
 15006 | D:13     | Killed a two-headed ogre
 15584 | D:13     | Reached XP level 12. HP: 83/106 MP: 19/19
 15708 | D:14     | Reached skill level 10 in Invocations
 16409 | D:14     | Noticed a centaur warrior
 16424 | D:14     | Killed a centaur warrior
 16425 | D:14     | Reached skill level 10 in Fighting
 16927 | D:14     | Found a gate to the Vaults.
 16927 | D:14     | Noticed an ironbound preserver
 16970 | D:15     | Entered Level 15 of the Dungeon
 16976 | D:15     | Noticed a centaur warrior
 16978 | D:15     | Noticed a stone giant
 16980 | D:14     | Banished an ironbound preserver
 17520 | D:14     | Reached skill level 11 in Invocations
 18085 | D:15     | Noticed a centaur warrior
 18100 | D:15     | Killed a centaur warrior
 18295 | D:14     | Banished a stone giant
 18581 | D:14     | Reached skill level 12 in Invocations
 18590 | D:14     | Killed a centaur warrior
 18619 | D:15     | Noticed a centaur warrior
 18633 | D:15     | Killed a centaur warrior
 18634 | D:15     | Found a staircase to the Depths.
 18777 | D:15     | Reached XP level 13. HP: 60/114 MP: 22/22
 19860 | D:15     | Reached skill level 13 in Invocations
 20203 | Lair:1   | Entered Level 1 of the Lair of Beasts
 20462 | Lair:1   | Upgraded the game from 0.29-a0-559-g359e09b9d1 to
                  | 0.29-a0-565-g7a16c6de65
 21828 | Lair:1   | Learned a level 3 spell: Frozen Ramparts
 21881 | Lair:2   | Reached skill level 1 in Ice Magic
 21881 | Lair:2   | Reached skill level 14 in Invocations
 22417 | Lair:2   | Noticed Gastronok
 22434 | Lair:2   | Killed Gastronok
 23005 | Lair:2   | Found a hole to the Spider Nest.
 23095 | Lair:2   | Reached skill level 10 in Dodging
 24873 | Lair:3   | Reached XP level 14. HP: 125/125 MP: 23/25
 25146 | Lair:3   | Got the Compendium of Contamination
 26588 | Lair:4   | Found a staircase to the Swamp.
 27374 | Lair:3   | Reached skill level 15 in Invocations
 28613 | Lair:5   | Identified the amulet "Plog" {Spirit Will+ Slay+2}
 28890 | Lair:5   | Found a viscous altar of Jiyva.
 28890 | Lair:5   | Found a staircase to the Slime Pits.
 29027 | Lair:5   | Identified the +9 rapier of the Illusory Bounties {spect,
                  | rPois Int+4 Dex-2}
 29047 | Lair:6   | Entered Level 6 of the Lair of Beasts
 31583 | Lair:6   | Reached skill level 1 in Short Blades
 32795 | Lair:6   | Reached XP level 15. HP: 90/136 MP: 26/26
 33930 | Orc:1    | Entered Level 1 of the Orcish Mines
 33930 | Orc:1    | Noticed Fannar
 33932 | Orc:1    | Found a dark tunnel.
 33941 | Volcano  | Entered a volcano
 34217 | Volcano  | Found a radiant altar of Vehumet.
 34237 | Volcano  | Corrupted Volcano
 34237 | Volcano  | Noticed a lich
 34657 | D:11     | Killed Fannar
 34836 | Orc:1    | Noticed an orc warlord
 34836 | Orc:1    | Noticed Erica
 34873 | Orc:1    | an orc warlord changed into a bunyip
 35531 | Orc:1    | Killed Erica
 36564 | Orc:2    | Entered Level 2 of the Orcish Mines
 36597 | Orc:2    | Found a staircase to the Elven Halls.
 36629 | Orc:1    | Paralysed by an ogre mage for 4 turns
 36633 | Orc:1    | Killed from afar by an ogre mage

Illustrated notes

Levels and vault maps discovered:
D:1:      saegor_arrival_under_anarchy, layout_basic, serial_shops, shop_statue,
          serial_curves, eino_curves_01, eino_curves_02, minmay_cupped
D:2:      layout_loops_ring, basic_altar, serial_shops, shop
D:3:      kennysheep_six_static_rooms, layout_rooms, minmay_misc_feat_roman
D:4:      corexii_shack_village, layout_rooms
D:5:      layout_loops_ring, chequers_serial_rivers_micro_d,
          kennysheep_small_circle
D:6:      layout_basic, nicolae_ossuary_entry_catacombs, minmay_pentangle
D:7:      layout_gridville, minmay_temple_entry_butterflies, uniq_joseph
D:8:      layout_loops_ring, mainiacjoe_overflow_big_doors, uniq_maggie
D:9:      layout_irregular_city, nrook_mini_backslash, uniq_grum
D:10:     layout_roguey, minivault_14
D:11:     layout_gridville, lair_entry_dummy, hiddenorc2_lemuel,
          statue_in_the_mist_lemuel, nicolae_gozag_seed_capital
D:12:     layout_rooms, elyvilon_altar_4
D:13:     layout_rooms, serial_bayou_pond_d, uniq_erolcha
D:14:     layout_cave_pods, skrybe_vaults_entry_preservation,
          minmay_misc_feat_more_columns, minmay_misc_feat_pillars
D:15:     grunt_enter_depths_giant_problem, layout_gridville,
          minmay_misc_feat_columns
Lair:1:   layout_cave_pods, infiniplex_staircase_pool
Lair:2:   layout_long_grid, spider_nest_entry_webs, uniq_gastronok
Lair:3:   layout_cave_pods, serial_bayou_ford_a, lemuel_fruit_tree
Lair:4:   layout_concentric_octagons, minmay_swamp_entry_swarm
Lair:5:   layout_long_grid, dpeg_slime_entry_enclosed_altar
Lair:6:   evilmike_catoblepas_cave, layout_loops_ring,
          chequers_serial_rivers_micro_d, lemuel_fruit_fields
Orc:1:    layout_caves, nicolae_volcano_entry_batcave, uniq_erica, uniq_fannar
Orc:2:    st_orc_ogre_mass, layout_caves, basic_altar

Skill      XL: |  1  2  3  4  5  6  7  8  9 10 11 12 13 14 15 |
---------------+----------------------------------------------+-----
Fighting       | 4 5 6 7 8 9 10 11 13 | 13.7
Long Blades    | 3 |  3.9
Maces & Flails | 1 2 4 5 7 9 11 12 13 14 | 14.0
Invocations    | 3 4 6 7 8 9 12 14 15 | 15.9
Dodging        | 3 4 5 6 8 9 10 11 12 | 12.1
Evocations     | 2 3 4 |  4.2
Ice Magic      | 3 |  3.9
Short Blades   | 2 4 |  4.6

Action                   |  1- 3 |  4- 6 |  7- 9 | 10-12 | 13-15 || total
-------------------------+-------+-------+-------+-------+-------++-------
Melee: Falchion          |    62 |       |       |       |       ||    62
       Tailslap          |    12 |     4 |    41 |   112 |   328 ||   497
       Whip              |    44 |    95 |   371 |   649 |   980 ||  2139
       Punch             |     1 |       |     3 |     5 |    22 ||    31
       Kick              |       |     2 |    39 |       |       ||    41
       Rapier            |       |       |       |       |   130 ||   130
       Scimitar          |       |       |       |       |    39 ||    39
       Quick blade       |       |       |       |       |   234 ||   234
Invok: Depart the Abyss  |     1 |       |       |       |       ||     1
       Banish            |       |       |       |    10 |     5 ||    15
       Corrupt           |       |       |       |       |     1 ||     1
 Abil: Breathe Frost     |       |       |       |     5 |     8 ||    13
Evoke: Wand              |       |       |       |    25 |    25 ||    50
       Tin of tremorston |       |       |       |     2 |     2 ||     4
  Use: Scroll            |       |    10 |    11 |     8 |    12 ||    41
       Potion            |       |     2 |     5 |    14 |     8 ||    29
 Stab: Sleeping          |     2 |     1 |     1 |       |     1 ||     5
       Distracted        |     1 |       |       |       |     2 ||     3
       Invisible         |       |       |       |     5 |       ||     5
Armor: Skin              |    32 |    15 |    90 |   171 |   359 ||   667
Dodge: Dodged            |    87 |    53 |   182 |   379 |   948 ||  1649

Table legend: (Time is in decaauts)
 A = Elapsed time spent in this place.
 B = Non-inter-level travel time spent in this place.
 C = Inter-level travel time spent in this place.
 D = Time resting spent in this place.
 E = Time spent auto-exploring this place.
 F = Levels seen in this place.
 G = Mean time per level.
                   A        B        C        D        E       F      G
               +--------+--------+--------+--------+--------+-----+--------+
         Total |  35758 |  34502 |   1256 |   8301 |  21888 |  26 | 1375.3 |
       Dungeon |  20424 |  19554 |    870 |   4125 |  13286 |  15 | 1361.6 |
          Lair |  13169 |  12798 |    371 |   3648 |   7634 |   6 | 2194.8 |
  Orcish Mines |   1153 |   1138 |     15 |    161 |    685 |   2 |  576.5 |
         Abyss |      0 |      0 |      0 |      0 |      0 |   1 |    0.0 |
       Ossuary |    331 |    331 |      0 |      0 |    209 |   1 |  331.0 |
       Volcano |    679 |    679 |      0 |    367 |     73 |   1 |  679.0 |
               +--------+--------+--------+--------+--------+-----+--------+

Top non-repeatable levels by time:
    D:11: 3025 daAuts
  Lair:6: 2907 daAuts
    D:14: 2751 daAuts
  Lair:5: 2667 daAuts
  Lair:2: 2123 daAuts
  Lair:3: 2088 daAuts
  Lair:1: 1898 daAuts
    D:12: 1686 daAuts
    D:15: 1510 daAuts
  Lair:4: 1485 daAuts
    D:10: 1470 daAuts
     D:9: 1378 daAuts
     D:6: 1227 daAuts
     D:8: 1216 daAuts
     D:7: 1214 daAuts
